 Dungeon Crawl Stone Soup version 0.29.1-4-g47bece8355 (webtiles) character file.

Game seed: 4791606125880368987

186148 Jod the Executioner (level 17, -14/158 HPs)
             Began as a Minotaur Berserker on Nov 20, 2022.
             Was the Champion of Trog.
             Demolished by a vault warden
             ... wielding a +0 long sword
              (19 damage)
             ... on level 1 of the Vaults on Dec 8, 2022.
             The game lasted 02:40:45 (14472 turns).

Jod the Executioner (Minotaur Berserker)           Turns: 14472, Time: 02:40:45

Health: -14/158    AC: 25    Str: 25    XL:     17   Next: 13%
Magic:  16/16      EV: 21    Int:  1    God:    Trog [******]
Gold:   1208       SH:  0    Dex: 21    Spells: 16/16 levels left

rFire   + . .      SeeInvis .   a - +7 battleaxe (vamp)
rCold   . . .      Faith    .   (shield currently unavailable)
rNeg    . . .      Spirit   .   Q - quicksilver dragon scales
rPois   .          Reflect  .   Z - +0 hat "Irpho" {rF+ Will- Dex+6}
rElec   +          Harm     +   W - scarf {harm}
rCorr   .          Rampage  .   c - +2 pair of gloves
Will    +++..                   N - +0 pair of boots of the Sacrificial Victim {rElec Regen+ Int-3 Slay-2}
Stlth   +++.......              P - amulet of regeneration
HPRegen 2.96/turn               e - +4 ring of protection
MPRegen 0.15/turn               O - +4 ring of evasion

@: marked, strong-willed, regenerating, studying Armour
A: horns 2, retaliatory headbutt
}: 2/15 runes: decaying, serpentine
a: Renounce Religion, Berserk, Trog's Hand, Brothers in Arms


You were on level 1 of the Vaults.
You worshipped Trog.
Trog was exalted by your worship.
You visited 5 branches of the dungeon, and saw 27 of its levels.
You also visited: Gauntlet.

You collected 1894 gold pieces.
You spent 686 gold pieces at shops.

Inventory:

Hand Weapons
 a - a +7 vampiric battleaxe (weapon)
 b - the +11 broad axe "Isastridgh" {vorpal, +Blink Stlth+}
   (Trog gifted it to you on level 11 of the Dungeon)

   It inflicts extra damage upon your enemies.
   +Blink:    It lets you blink.
   Stlth:     It makes you more stealthy.
 d - a +3 executioner's axe
 X - a +1 long sword of distortion
Missiles
 T - 2 throwing nets (quivered)
Armour
 c - a +2 pair of gloves (worn)
 N - the +0 pair of boots of the Sacrificial Victim (worn) {rElec Regen+ Int-3 Slay-2}
   (You acquired it on level 3 of the Swamp)

   Int:       It affects your intelligence (-3).
   Slay:      It affects your accuracy & damage with ranged weapons and melee
   (-2).
   rElec:     It insulates you from electricity.
   Regen:     It increases your rate of health regeneration.
 Q - quicksilver dragon scales (worn)
 U - +1 ice dragon scales
 W - a scarf of harm (worn)
 Y - a scarf of resistance
 Z - the +0 hat "Irpho" (worn) {rF+ Will- Dex+6}
   (You found it in a Gauntlet)

   Dex:       It affects your dexterity (+6).
   rF:        It protects you from fire.
   Will:      It decreases your willpower.
Jewellery
 e - a +4 ring of protection (left hand)
 w - a ring of positive energy
 z - a ring of protection from cold
 L - a ring of protection from fire
 O - a +4 ring of evasion (right hand)
 P - an amulet of regeneration (around neck)
Wands
 i - a wand of iceblast (11)
 v - a wand of flame (35)
 A - a wand of polymorph (7)
 C - a wand of mindburst (7)
 E - a wand of charming (17)
 G - a wand of light (8)
 H - a wand of digging (4)
Scrolls
 h - 2 scrolls of summoning
 j - 2 scrolls of immolation
 m - 5 scrolls of silence
 o - a scroll of enchant armour
 p - a scroll of magic mapping
 q - 6 scrolls of amnesia
 r - a scroll of fear {unknown}
 t - 7 scrolls of teleportation
 x - 2 scrolls of enchant weapon
 I - 2 scrolls of butterflies
 M - 4 scrolls of vulnerability
 S - a scroll of torment {unknown}
 V - a scroll of poison
Potions
 f - 5 potions of brilliance
 g - 3 potions of heal wounds
 k - 5 potions of lignification
 n - 2 potions of invisibility
 s - 2 potions of cancellation
 u - 3 potions of might
 B - 2 potions of berserk rage
 D - 8 potions of curing
 F - 4 potions of haste
 K - a potion of attraction
 R - 3 potions of resistance
Miscellaneous
 l - a piece from Xom's chessboard (12/15)
 y - a lightning rod (2/4)
 J - a condenser vane


   Skills:
 - Level 16.0 Fighting
 + Level 24.7 Axes
 + Level 16.9 Armour
 - Level 9.0 Dodging
 - Level 6.0 Stealth
 + Level 11.5 Evocations


You had 16 spell levels left.
You didn't know any spells.
Your spell library contained the following spells:

 Spells                   Type           Power      Damage    Failure   Level
 Magic Dart               Conj           0%         1d3       67%         1
 Sandblast                Erth           0%         2d4       67%         1
 Blink                    Tloc           0%         N/A       80%         2
 Call Imp                 Summ           0%         N/A       80%         2
 Ensorcelled Hibernation  Hex/Ice        0%         N/A       80%         2
 Passwall                 Tmut/Erth      0%         N/A       80%         2
 Static Discharge         Conj/Air       0%         3-3/arc   80%         2
 Inner Flame              Hex/Fire       0%         N/A       95%         3
 Lesser Beckoning         Tloc           0%         N/A       95%         3
 Mephitic Cloud           Conj/Pois/Air  0%         N/A       95%         3
 Spider Form              Tmut/Pois      0%         N/A       95%         3
 Stone Arrow              Conj/Erth      0%         3d7       95%         3
 Anguish                  Hex/Necr       0%         N/A       100%        4
 Animate Armour           Summ/Erth      0%         N/A       100%        4
 Cause Fear               Hex            0%         N/A       100%        4
 Hailstorm                Conj/Ice       0%         3d3       100%        4
 Ice Form                 Ice/Tmut       0%         N/A       100%        4
 Petrify                  Tmut/Erth      0%         N/A       100%        4
 Blade Hands              Tmut           0%         N/A       100%        5
 Borgnjor's Vile Clutch   Necr/Erth      0%         N/A       100%        5
 Irradiate                Conj/Tmut      0%         3d11      100%        5
 Lee's Rapid Deconstruct  Erth           0%         3d5*      100%        5
 Lightning Bolt           Conj/Air       0%         1d11      100%        5
 Manifold Assault         Tloc           0%         N/A       100%        5
 Simulacrum               Ice/Necr       0%         N/A       100%        6
 Statue Form              Tmut/Erth      0%         N/A       100%        6
 Dragon Form              Tmut           0%         N/A       100%        7
 Malign Gateway           Summ/Tloc      0%         N/A       100%        7
 Storm Form               Tmut/Air       0%         N/A       100%        7
 Borgnjor's Revivificati  Necr           0%         N/A       100%        8
 Discord                  Hex            0%         N/A       100%        8
 Lehudib's Crystal Spear  Conj/Erth      0%         10d2      100%        8
 Maxwell's Capacitive Co  Air            0%         ∞         100%        8
 Necromutation            Tmut/Necr      0%         N/A       100%        8
 Summon Horrible Things   Summ           0%         N/A       100%        8
 Death's Door             Necr           0%         N/A       100%        9


Dungeon Overview and Level Annotations

Branches:
Dungeon (13/15)            Temple (0/1) D:6            Lair (5/5) D:8
  Swamp (4/4) Lair:3        Snake (4/4) Lair:3        Slime (0/5) Lair:4
    Orc (0/2) D:10         Vaults (1/5) D:13        Gauntlet (visited)

Altars:
Gozag
Ru
Vehumet
Xom
The Shining One
Jiyva

Shops:
D:6 (   D:9 *   Snake:1 (!(!   Snake:4 :=:   Vaults:1 [=

Annotations:
D:3 2 transporters, lokiplouj's ghost, weakling FeBe
Lair:5 3 runed translucent doors, 0gre's ghost, journeyman GnIE
Swamp:1 Roxanne


Innate Abilities, Weirdness & Mutations

You have a pair of horns on your head.
You reflexively headbutt those who attack you in melee.


Message History

A vault sentinel comes into view.
It is wielding a +1 long sword of protection and wearing a +1 scale mail of positive energy.
The vault warden hits you with a +0 long sword!!
Your skin crawls.
You feel strong-willed.
The vault sentinel points at you and mumbles some strange words.
You resist with some effort.
The vault warden activates a sealing rune.
A door slams shut!
You hit the vault sentinel but do no damage.
You headbutt the vault sentinel, but do no damage.
The vault warden blocks your attack.
You slash the ironbound frostheart simulacrum!
The vault warden blocks your attack.
You closely miss the vault sentinel.
You barely miss the ironbound frostheart simulacrum.
The vault sentinel hits you but does no damage.
The vault warden misses you. You furiously retaliate!
You headbutt the vault warden, but do no damage.
The ironbound frostheart simulacrum completely misses you.
The vault warden blocks your attack.
You barely miss the vault sentinel.
You hit the ironbound frostheart simulacrum.
The vault sentinel hits you but does no damage.
The vault warden hits you with a +0 long sword!!
* * * LOW HITPOINT WARNING * * *
The ironbound frostheart simulacrum misses you.
The vault warden blocks your attack.
You headbutt the vault warden, but do no damage.
You slice the vault sentinel!!
You hit the ironbound frostheart simulacrum.
The vault sentinel misses you.
The vault warden hits you with a +0 long sword!
* * * LOW HITPOINT WARNING * * *
You feel much better.
The ironbound frostheart simulacrum hits you.
* * * LOW HITPOINT WARNING * * *
The ironbound frostheart simulacrum freezes you!!
* * * LOW HITPOINT WARNING * * *
The vault sentinel casts a spell at you.
You resist with some effort.
The vault warden hits you with a +0 long sword!
You die...

######################'######
####.......####
#..####.####..# ######
#.....#†#.[...# #.....###.
#...))##.###
#.###.#.#.###...###.#.#
#.#^#.#.#..###>###..#.#
#.###.+.##p.#####..##.#
#.....+.)@p..# #>.....#
#######.##Z.#####..##.#
#.#..###.###..#.#
#.#.###...###.#.#
###.##.....##.###
#.))).#.#..)..#
#..####.####..# #### ... ####
#####


You could see a vault warden (soul bound), a vault sentinel (soul bound) and an
ironbound frostheart simulacrum.

Vanquished Creatures
  Jorgrun (D:12)
  2 quicksilver dragons (Snake:4)
  Frances (Snake:2)
  A thorn hunter (Swamp:2)
  Donald (Snake:1)
  An azure jelly (Swamp:4)
  2 nagarajas (Snake:4)
  2 vault wardens (Vaults:1)
  4 ironbound preservers (Vaults:1)
  2 ironbound thunderhulks (Vaults:1)
  An eleionoma (Swamp:3)
  Azrael (Snake:3)
  An entropy weaver (Gauntlet)
  3 bunyips
  A dire elephant (Vaults:1)
  A minotaur (Gauntlet)
  2 yaktaur captains (Vaults:1)
  A great orb of eyes (Vaults:1)
  3 shambling mangroves
  3 vault guards (Vaults:1)
  10 hydras
  3 ice dragons (Swamp:4)
  2 boulder beetles
  A salamander tyrant (Snake:4)
  3 ironbound frosthearts (Vaults:1)
  A death knight (D:13)
  2 two-headed ogres
  7 anacondas
  4 alligators (Swamp:3)
  3 catoblepae
  11 death yaks
  8 naga warriors
  A deep troll shaman (Lair:5)
  10 naga sharpshooters
  4 shock serpents
  9 spriggans
  Amaemon (D:10)
  A salamander mystic (Snake:4)
  10 skeletal warriors
  4 spriggan druids
  3 goliath frogs
  4 ironbound convokers (Vaults:1)
  2 sea snakes (Snake:2)
  10 deep trolls
  2 swamp dragons (Swamp:4)
  2 naga ritualists (Snake:4)
  4 lindwurms
  2 wizards
  A deep elf pyromancer (D:13)
  A necromancer (Vaults:1)
  Pikel (D:5)
  4 ugly things
  3 cyclopes
  2 manticores
  A will-o-the-wisp (Swamp:4)
  4 salamanders
  4 mana vipers
  7 elephants (Lair:5)
  9 guardian serpents
  A cane toad (shapeshifter) (D:13)
  5 naga magi
  An orange demon (D:10)
  6 cane toads
  Joseph (D:8)
  2 vault sentinels (Vaults:1)
  3 gargoyles
  27 black mambas
  A molten gargoyle (Gauntlet)
  8 komodo dragons
  7 freezing wraiths
  2 kobold demonologists (D:12)
  8 yaktaurs (Vaults:1)
  An efreet (D:13)
  11 hornets
  A troll (D:11)
  A polar bear (Lair:5)
  5 dream sheep (Lair:5)
  7 slime creatures
  9 tyrant leeches
  16 blink frogs
  2 jumping spiders (Gauntlet)
  Sigmund (D:2)
  A vampire (D:13)
  2 shadows (D:9)
  6 wraiths
  6 wyverns
  2 basilisks
  5 fire elementals (Snake:3)
  25 yaks
  4 vampire mosquitoes
  4 swamp worm simulacra (Swamp:4)
  11 swamp worms
  30 nagas
  3 water moccasins
  An acid dragon (D:11)
  12 hydra simulacra (Swamp:4)
  2 hell hounds (Snake:3)
  3 orc warriors
  Duvessa (D:6)
  A black bear (shapeshifter) (D:13)
  A centaur (D:9)
  An ogre (D:7)
  20 wolves
  3 black bears
  4 phantoms
  A lemure (D:5)
  A kobold brigand (D:12)
  A necrophage (D:5)
  7 bullfrogs
  A gnoll sergeant (D:10)
  5 scorpions
  Dowan (D:6)
  10 wights (D:9)
  3 troll zombies (D:10)
  5 killer bees (D:9)
  An electric eel (D:9)
  3 howler monkeys
  3 hounds
  3 jellies (Lair:4)
  2 gnoll boudas (D:6)
  4 orc priests
  8 orc wizards
  3 iguanas (D:6)
  5 ogre zombies (D:10)
  9 gnolls
  9 adders
  A white imp (D:5)
  2 ufetubi
  2 swamp drake simulacra (Swamp:4)
  2 dart slugs
  20 orcs
  5 endoplasms
  5 giant cockroaches
  7 goblins
  3 hobgoblins
  6 jackals (D:1)
  3 quokkas
  6 ball pythons
  2 bats
  3 frilled lizards
  3 goblin skeletons (D:10)
  4 goblin zombies (D:10)
  2 hobgoblin skeletons (D:10)
  A hobgoblin zombie (D:10)
  5 kobolds
  2 orc skeletons (D:10)
  13 orc zombies (D:10)
  3 rats
  A butterfly (Lair:2)
655 creatures vanquished.

Vanquished Creatures (collateral kills)
  A tentacled monstrosity (Swamp:4)
  A naga warrior (Snake:2)
  A naga (Snake:2)
3 creatures vanquished.

Vanquished Creatures (others)
  A will-o-the-wisp (Swamp:4)
  2 bloated husks
  3 hornets (Swamp:4)
  3 spriggans (Swamp:4)
  4 foxfires (Swamp:4)
  9 fungi
  87 plants
109 creatures vanquished.

Grand Total: 767 creatures vanquished

Notes
Turn   | Place    | Note
-------+----------+-------------------------------------------
     0 | D:1      | Jod the Minotaur Berserker began the quest for the Orb.
     0 | D:1      | Reached XP level 1. HP: 19/19 MP: 0/0
    78 | D:1      | Reached skill level 4 in Axes
    85 | D:1      | Reached XP level 2. HP: 19/26 MP: 1/1
   139 | D:1      | Reached ** piety under Trog
   263 | D:2      | Reached skill level 5 in Axes
   394 | D:2      | Reached XP level 3. HP: 30/31 MP: 2/2
   447 | D:2      | Noticed Sigmund
   462 | D:2      | Killed Sigmund
   463 | D:2      | Reached skill level 7 in Axes
   463 | D:2      | Reached XP level 4. HP: 39/39 MP: 3/3
   463 | D:2      | Reached XP level 5. HP: 45/45 MP: 4/4
   484 | D:2      | Found a radiant altar of Vehumet.
   617 | D:3      | Noticed lokiplouj's ghost (weakling FeBe)
   628 | D:3      | Found a transporter.
   670 | D:3      | Found a transporter.
   965 | D:3      | Found a faded altar of an unknown god.
   979 | D:4      | Found a shimmering altar of Xom.
   980 | D:4      | Found a shimmering altar of Xom.
   982 | D:4      | Found a shimmering altar of Xom.
   991 | D:4      | Found a sacrificial altar of Ru.
  1076 | D:4      | Reached skill level 8 in Axes
  1076 | D:4      | Reached XP level 6. HP: 47/51 MP: 5/5
  1157 | D:4      | Noticed a water moccasin
  1166 | D:4      | Killed a water moccasin
  1167 | D:4      | Reached skill level 9 in Axes
  1238 | D:4      | Reached XP level 7. HP: 57/57 MP: 6/6
  1271 | D:4      | Reached *** piety under Trog
  1327 | D:5      | Entered Level 5 of the Dungeon
  1340 | D:5      | Found a radiant altar of Vehumet.
  1362 | D:5      | Reached skill level 10 in Axes
  1399 | D:5      | Noticed Pikel
  1420 | D:5      | Killed Pikel
  1421 | D:5      | Reached skill level 11 in Axes
  1421 | D:5      | Reached XP level 8. HP: 19/64 MP: 7/7
  1440 | D:5      | Reached skill level 12 in Axes
  1881 | D:6      | Reached skill level 13 in Axes
  1951 | D:6      | Noticed a manticore
  1964 | D:6      | Killed a manticore
  1965 | D:6      | Reached skill level 14 in Axes
  1965 | D:6      | Reached XP level 9. HP: 34/73 MP: 8/8
  1995 | D:6      | Found Pysh's Antique Weapon Shoppe.
  2092 | D:6      | Reached skill level 5 in Fighting
  2252 | D:6      | Noticed Duvessa
  2252 | D:6      | Noticed Dowan
  2265 | D:6      | Killed Duvessa
  2268 | D:6      | Found a staircase to the Ecumenical Temple.
  2281 | D:6      | Killed Dowan
  2470 | D:7      | Reached **** piety under Trog
  2487 | D:7      | You fall into a shaft and drop 1 floor!
  2551 | D:8      | Found a staircase to the Lair.
  2552 | D:8      | Noticed a komodo dragon
  2568 | D:8      | Killed a komodo dragon
  2576 | Lair:1   | Entered Level 1 of the Lair of Beasts
  2582 | Lair:1   | Reached skill level 5 in Armour
  2591 | Lair:1   | Reached skill level 5 in Dodging
  2594 | Lair:1   | Reached XP level 10. HP: 32/86 MP: 9/9
  2638 | Lair:1   | You fall into a shaft and drop 1 floor!
  2782 | Lair:2   | Reached skill level 15 in Axes
  3100 | Lair:2   | Noticed a cane toad
  3106 | Lair:2   | Killed a cane toad
  3156 | Lair:2   | Reached XP level 11. HP: 83/97 MP: 10/10
  3437 | Lair:3   | Noticed a four-headed hydra
  3447 | Lair:3   | Killed an eight-headed hydra
  3532 | Lair:3   | Reached skill level 16 in Axes
  3694 | Lair:3   | Found a staircase to the Snake Pit.
  3727 | Lair:3   | Noticed an eight-headed hydra
  3735 | Lair:3   | Killed a 13-headed hydra
  3835 | Lair:3   | Noticed a catoblepas
  3848 | Lair:3   | Killed a catoblepas
  3849 | Lair:3   | Reached skill level 17 in Axes
  3883 | Lair:3   | Reached skill level 1 in Stealth
  3883 | Lair:3   | Reached skill level 1 in Evocations
  4059 | Lair:4   | Reached XP level 12. HP: 61/104 MP: 11/11
  4068 | Lair:4   | Noticed a death yak
  4068 | Lair:4   | Noticed a death yak
  4087 | Lair:4   | Noticed a death yak
  4088 | Lair:4   | Killed a death yak
  4089 | Lair:4   | Killed a death yak
  4097 | Lair:4   | Killed a death yak
  4160 | Lair:4   | Found a viscous altar of Jiyva.
  4161 | Lair:4   | Found a staircase to the Slime Pits.
  4233 | Lair:5   | Entered Level 5 of the Lair of Beasts
  4401 | Lair:5   | Noticed a death yak
  4424 | Lair:5   | Killed a death yak
  4425 | Lair:5   | Reached skill level 18 in Axes
  4428 | Lair:5   | Noticed a death yak
  4430 | Lair:5   | Noticed a death yak
  4432 | Lair:5   | Noticed a death yak
  4434 | Lair:5   | Noticed a death yak
  4440 | Lair:5   | Killed a death yak
  4444 | Lair:5   | Killed a death yak
  4449 | Lair:5   | Killed a death yak
  4450 | Lair:5   | Reached skill level 5 in Stealth
  4450 | Lair:5   | Reached skill level 5 in Evocations
  4452 | Lair:5   | Killed a death yak
  4687 | Lair:5   | Noticed a minotaur
  4687 | Lair:5   | Noticed 0gre's ghost (journeyman GnIE)
  4705 | Lair:5   | Found a runed translucent gate.
  4712 | Lair:5   | Found a runed translucent gate.
  4712 | Lair:5   | Found a runed translucent gate.
  4846 | Lair:5   | Noticed a six-headed hydra
  4867 | Lair:5   | Killed a 12-headed hydra
  5001 | Lair:5   | Noticed a death yak
  5010 | Lair:5   | Killed a death yak
  5011 | Lair:5   | Noticed a death yak
  5011 | Lair:5   | Noticed a death yak
  5012 | Lair:5   | Noticed a catoblepas
  5027 | Lair:5   | Killed a death yak
  5028 | Lair:5   | Reached XP level 13. HP: 90/111 MP: 12/12
  5667 | Lair:5   | Reached skill level 19 in Axes
  5720 | Lair:5   | Got Fesuprol's Meditations on the Mountains
  6077 | Snake:1  | Entered Level 1 of the Snake Pit
  6087 | Snake:1  | Noticed Donald
  6102 | Snake:1  | Killed Donald
  6938 | Snake:1  | Found Niag's Weapon Shop.
  6950 | Snake:1  | Found Fiuriarui's Antique Weapon Shop.
  6954 | Snake:1  | Found Qomaj's Distillery.
  6954 | Snake:1  | Found Dyurux's Distillery.
  6962 | Snake:1  | Bought 2 potions of heal wounds for 120 gold pieces
  7048 | Snake:1  | Bought a +6 vampiric battleaxe for 566 gold pieces
  7286 | Snake:2  | Noticed Frances
  7303 | Snake:2  | Killed Frances
  7304 | Snake:2  | Reached skill level 20 in Axes
  7635 | Snake:2  | Reached skill level 10 in Fighting
  7838 | Snake:2  | Reached XP level 14. HP: 116/121 MP: 13/13
  7858 | Snake:2  | Upgraded the game from 0.29.1-2-gbd0b4ee654 to
                  | 0.29.1-4-g47bece8355
  8199 | Snake:4  | Entered Level 4 of the Snake Pit
  8216 | Snake:3  | Noticed Azrael
  8237 | Snake:3  | Killed Azrael
  8924 | Snake:4  | Reached skill level 21 in Axes
  8931 | Snake:4  | Found Cupp's Book Shoppe.
  8933 | Snake:4  | Found Remuiw's Jewellery Shop.
  8934 | Snake:4  | Found Homar's Book Shoppe.
  9062 | Snake:4  | Reached ***** piety under Trog
  9311 | Snake:4  | Noticed a nagaraja
  9327 | Snake:4  | Killed a nagaraja
  9379 | Snake:4  | Noticed a quicksilver dragon
  9379 | Snake:4  | Noticed a quicksilver dragon
  9468 | Snake:4  | Noticed a nagaraja
  9485 | Snake:4  | Killed a nagaraja
  9487 | Snake:4  | Reached skill level 22 in Axes
  9512 | Snake:4  | Reached XP level 15. HP: 66/137 MP: 14/14
  9690 | Snake:4  | Killed a quicksilver dragon
  9722 | Snake:4  | Killed a quicksilver dragon
  9776 | Snake:4  | Got a serpentine rune of Zot
 10059 | Lair:3   | Found a staircase to the Swamp.
 10072 | Swamp:1  | Entered Level 1 of the Swamp
 10157 | Swamp:1  | Identified Roxanne's Directory of Silt
 10157 | Swamp:1  | Noticed Roxanne
 10272 | Swamp:2  | Noticed a thorn hunter
 10288 | Swamp:2  | Killed a thorn hunter
 10397 | Swamp:3  | Reached skill level 15 in Fighting
 10531 | Swamp:3  | Identified 3 scrolls of acquirement
 10531 | Swamp:3  | Acquired a manual of Armour
 10533 | Swamp:3  | Acquired 410 gold pieces
 10535 | Swamp:3  | Acquired the +0 pair of boots of the Sacrificial Victim
                  | {rElec Regen+ Int-3 Slay-2}
 10573 | Swamp:4  | Entered Level 4 of the Swamp
 10573 | Swamp:4  | Noticed a tentacled monstrosity
 10630 | Swamp:4  | Received a gift from Trog
 10634 | Swamp:4  | Reached skill level 23 in Axes
 10780 | Swamp:4  | Killed a tentacled monstrosity
 10781 | Swamp:4  | Reached skill level 10 in Armour
 11206 | Swamp:4  | Noticed an azure jelly
 11216 | Swamp:4  | Killed an azure jelly
 11320 | Swamp:4  | Got a decaying rune of Zot
 11720 | D:8      | Noticed Joseph
 11744 | D:8      | Killed Joseph
 11938 | D:9      | Reached XP level 16. HP: 151/151 MP: 15/15
 12051 | D:9      | Found Gozag's Platinum Reserve.
 12144 | D:9      | Found an opulent altar of Gozag.
 12225 | D:10     | Entered Level 10 of the Dungeon
 12254 | D:10     | Received a gift from Trog
 12322 | D:10     | Noticed Amaemon
 12325 | D:10     | Killed Amaemon
 12367 | D:10     | Found a staircase to the Orcish Mines.
 12617 | D:11     | Found a gate leading to a gauntlet.
 12626 | Gauntlet | Entered a Gauntlet
 12626 | Gauntlet | Found a transporter.
 12629 | Gauntlet | Found a transporter.
 12633 | Gauntlet | Found a transporter.
 12634 | Gauntlet | Found a transporter.
 12635 | Gauntlet | Found a transporter.
 12648 | Gauntlet | Found a transporter.
 12654 | Gauntlet | Found a transporter.
 12657 | Gauntlet | Found a transporter.
 12726 | Gauntlet | Got the Compilation of the Boulder
 12727 | Gauntlet | Identified the +0 hat "Irpho" {rF+ Will- Dex+6}
 12824 | D:11     | Identified the +11 broad axe "Isastridgh" {vorpal, +Blink
                  | Stlth+} (Trog gifted it to you on level 11 of the Dungeon)
 12824 | D:11     | Received a gift from Trog
 13047 | D:12     | Noticed Jorgrun
 13066 | D:12     | Killed Jorgrun
 13067 | D:12     | Reached skill level 10 in Evocations
 13264 | D:12     | Found a glowing golden altar of the Shining One.
 13345 | D:12     | Reached skill level 24 in Axes
 13768 | D:13     | Identified the +4 rapier "Tousic" {flame, rC++ Will- Int+4}
 13846 | D:13     | Found a gate to the Vaults.
 13894 | Vaults:1 | Entered Level 1 of the Vaults
 13911 | Vaults:1 | Reached skill level 15 in Armour
 13947 | Vaults:1 | Found Golis's Antique Armour Emporium.
 14077 | Vaults:1 | Reached ****** piety under Trog
 14183 | Vaults:1 | Found Axuigou's Jewellery Boutique.
 14203 | Vaults:1 | Received a gift from Trog
 14323 | Vaults:1 | Reached XP level 17. HP: 158/158 MP: 16/16
 14472 | Vaults:1 | HP: 5/158 [ironbound frostheart simulacrum (37)]
 14472 | Vaults:1 | Demolished by a vault warden

Illustrated notes

Levels and vault maps discovered:
D:1:      evilmike_arrival_fibonacci_small, layout_loops_ring
D:2:      layout_loops_ring, basic_altar, serial_bayou_ford_a, minivault_23,
          uniq_sigmund
D:3:      layout_basic, gammafunk_ghost_stat_death,
          ebering_ecumenical_altar_rust
D:4:      layout_rooms, xom_redecorated, mainiacjoe_overflow_tiny_flanked,
          serial_rivers, chequers_serial_rivers_small_b,
          chequers_serial_rivers_micro_e, chequers_serial_rivers_marsh,
          chequers_serial_rivers_room_b, chequers_serial_rivers_micro_d
D:5:      layout_loops_corners, vehumet_altar_wand_db, uniq_pikel, uniq_menkaure
D:6:      minmay_opposing_rooms, layout_basic, temple_fountains, serial_shops,
          kennysheep_little_box, uniq_duvessa
D:7:      layout_basic
D:8:      kennysheep_blocky_hall, layout_basic, david_lair_shrubbed,
          chequers_garden, hex_medium, st_stairs_7, uniq_joseph
D:9:      layout_basic, nicolae_gozag_zags_fifth_avenue, serial_bayou,
          serial_bayou_pond_b, serial_bayou_pond_c, serial_bayou_pond_c,
          serial_bayou_lagoon_a, minmay_misc_feat_room
D:10:     layout_basic, zombieorc2_lemuel, interstate_on_off, uniq_amaemon
D:11:     statuecave_lemuel, layout_basic, gauntlet_entry_generic
D:12:     layout_basic, tso_metal_star, uniq_jorgrun
D:13:     layout_layer_cave, david_vaults_4
Lair:1:   layout_concentric_octagons, nicolae_quartered_pool_super,
          chequers_serial_rivers_micro_d, grunt_megastairs_2, uniq_sonja
Lair:2:   layout_gridlike, beast_lair_carwin_5, serial_bayou_shore_a,
          lemuel_fruit_tree, grunt_megastairs_3, lemuel_fruit_fields
Lair:3:   layout_roguey, palyth_hydra_swamp_entry, guppyfry_snake_entry_island
Lair:4:   layout_concentric_octagons, minmay_slime_entry_pillars,
          lemuel_fruit_fields
Lair:5:   grunt_lair_end_beastmaster, layout_regular_city,
          maelrawn_ghost_gauntlet_escape
Swamp:1:  layout_falls_marsh, infiniplex_staircase_pool_2, uniq_roxanne
Swamp:2:  layout_basic_swamp, nicolae_swamp_triple_paths,
          nicolae_swamp_big_swirl, infiniplex_staircase_pool
Swamp:3:  layout_basic_swamp, serial_swamp_ruin, hangedman_swamp_ruin_wall,
          evilmike_swamp_ruin_wall, swamp_pool2
Swamp:4:  swamp_icy, layout_basic_swamp
Snake:1:  hangedman_cross_stitches, layout_grid_maze, basic_altar,
          minmay_shop_grid_forest, uniq_donald
Snake:2:  nicolae_snake_unarmed_stairs_patrol, layout_honeycomb, uniq_frances
Snake:3:  layout_misc_corridors, uniq_azrael
Snake:4:  hellmonk_snake_rune_quicksilver_temple, layout_misc_corridors,
          minmay_shop_grove
Vaults:1: nicolae_vaults_network_quincunx
          [nicolae_vaults_network_quincunx_subvault,
          nicolae_vaults_network_quincunx_subvault,
          nicolae_vaults_network_quincunx_subvault,
          nicolae_vaults_network_quincunx_subvault,
          nicolae_vaults_network_quincunx_subvault], st_smaller_cells,
          ontoclasm_vaults_ring_square, nicolae_vaults_network_periphery,
          v_misc_9, nicolae_vaults_puzzle_piece, nicolae_vaults_circle_grid_a,
          v_misc_3, nicolae_vaults_twisting_passages,
          vaults_dpeg_emergency_exit, nicolae_vaults_gold_heap,
          grunt_vaults_hallway_short, layout_vaults_big_room, serial_shops,
          shop, shop_statue

Skill      XL: |  1  2  3  4  5  6  7  8  9 10 11 12 13 14 15 16 |
---------------+-------------------------------------------------+-----
Axes           | 4 5 7 8 9 11 14 15 17 18 20 22 23 24 | 24.7
Fighting       | 4 7 9 10 13 16 | 16.0
Armour         | 5 8 9 12 16 | 16.9
Dodging        | 5 7 9 |  9.0
Stealth        | 2 6 |  6.0
Evocations     | 2 6 9 11 | 11.5

Action                   |  1- 3 |  4- 6 |  7- 9 | 10-12 | 13-15 | 16-18 || total
-------------------------+-------+-------+-------+-------+-------+-------++-------
Melee: Hand axe          |    63 |    55 |   177 |       |       |       ||   295
       Headbutt          |     7 |    15 |    50 |    99 |   214 |   120 ||   505
       War axe           |       |       |    35 |   342 |   159 |       ||   536
       Battleaxe         |       |       |       |       |   672 |   430 ||  1102
Invok: Berserk           |     1 |       |     1 |     6 |    14 |       ||    22
       Trog's Hand       |       |       |     4 |    11 |    11 |     3 ||    29
       Brothers in Arms  |       |       |       |       |     5 |       ||     5
Evoke: Wand              |       |       |       |       |     5 |       ||     5
       Piece from Xom's  |       |       |       |       |       |     4 ||     4
       Lightning rod     |       |       |       |       |       |     3 ||     3
  Use: Scroll            |       |       |       |       |    20 |     8 ||    28
       Potion            |       |       |       |       |     7 |     2 ||     9
 Stab: Petrified         |       |       |       |     5 |     5 |       ||    10
       Petrifying        |       |       |       |       |     2 |       ||     2
       Sleeping          |       |       |       |       |     1 |     4 ||     5
       Invisible         |       |       |       |       |       |     4 ||     4
Armor: Animal skin       |    28 |       |       |       |       |       ||    28
       Leather armour    |       |     9 |       |       |       |       ||     9
       Robe              |       |     1 |       |       |       |       ||     1
       Ring mail         |       |    13 |    56 |   116 |   139 |       ||   324
       Quicksilver drago |       |       |       |       |   100 |   137 ||   237
       Chain mail        |       |       |       |       |    30 |       ||    30
       Ice dragon scales |       |       |       |       |     8 |       ||     8
Dodge: Dodged            |    50 |    28 |    68 |   140 |   579 |   289 ||  1154
